 Dungeon Sprint DCSS version 0.31-a0-845-g9abc20d24f (webtiles) character file.

Game seed: 11916143829169428692

25106 rocky1 the Bludgeoner (level 13, -4/199 HPs)
             Began as a Naga Fighter on Oct 2, 2023.
             Was the Champion of Cheibriados.
             Slain by a merfolk
             ... wielding a +0 trident
             ... led by Ilsuiw
              (13 damage)
             ... in the Dungeon (Sprint VII: "The Pits").
             The game lasted 00:09:09 (3888 turns).

rocky1 the Bludgeoner (Naga Fighter)                Turns: 3888, Time: 00:09:10

Health: -4/199     AC: 20    Str: 37    XL:     13   Next: 17%
Magic:  25/25      EV: 15    Int: 26    God:    Cheibriados [******]
Gold:   71         SH:  8    Dex: 28    Spells: 23/27 levels left

rFire   . . .        a - +0 flail
rCold   . . .        c - +0 buckler
rNeg    . . .        v - +4 scale mail
rPois   +            w - +0 hat {Will+}
rElec   .            u - +0 cloak
rCorr   .            t - +0 pair of gloves
SInv    +            (no barding)
Will    ++...        (no amulet) Stlth
                     p - +3 ring of protection
HPRegen 0.53/turn    q - +3 ring of dexterity
MPRegen 0.19/turn

%: no teleportation
@: berserking (expiring), lethally poisoned (-4 -> -14), very slow
A: AC +4, large, see invisible, deformed body, poison resistance, slowness 2,
spit poison 1, naga tail 2, screaming 1
a: Spit Poison, Renounce Religion, Bend Time, Temporal Distortion, Slouch, Step
From Time


You were in the Dungeon.
You worshipped Cheibriados.
Cheibriados was exalted by your worship.
You visited 1 branch You collected 71 gold pieces.

Inventory:

Hand Weapons
 a - a +0 flail (weapon)
Armour
 c - a +0 buckler (worn)
 o - a +3 ring mail
 t - a +0 pair of gloves (worn)
 u - a +0 cloak (worn)
 v - a +4 scale mail (worn)
 w - a +0 hat of willpower (worn)
Jewellery
 p - a +3 ring of protection (left hand)
 q - a +3 ring of dexterity (right hand)
 x - a ring of fire
 z - a ring of protection from fire
Wands
 b - a wand of acid (3) (quivered)
Scrolls
 j - 3 scrolls of blinking
 l - 2 scrolls of vulnerability
 m - 6 scrolls of amnesia
 n - 2 scrolls of summoning
 y - a scroll of torment
 B - a scroll of fear
 C - a scroll of identify
 D - 2 scrolls of enchant weapon
 E - 2 scrolls of fog
Potions
 d - 5 potions of might
 e - 8 potions of curing
 f - 8 potions of heal wounds
 g - 3 potions of haste
 h - 2 potions of magic
 i - a potion of berserk rage
 k - 3 potions of invisibility
 r - a potion of mutation
 s - 3 potions of brilliance
 A - 2 potions of cancellation


   Skills:
 + Level 13.6 Fighting
 * Level 17.5 Maces & Flails
 + Level 11.2 Armour
 + Level 7.6 Dodging
 + Level 10.3 Stealth
 + Level 10.4 Shields
 * Level 7.8 Spellcasting
 * Level 5.0 Translocations
 - Level 16.3 Invocations
 + Level 0.6 Evocations


You had 23 spell levels left.
You knew the following spells:

 Your Spells              Type           Power      Damage    Failure   Level
a - Manifold Assault      Tloc           36%        N/A       12%         4

Your spell library contained the following spells:

 Spells                   Type           Power      Damage    Failure   Level
 Momentum Strike          Conj/Tloc      46%        3d9       5%          2
 Call Imp                 Summ           20%        N/A       16%         2
 Summon Guardian Golem    Hex/Summ       10%        N/A       30%         3
 Brom's Barrelling Bould  Conj/Erth      10%        2d3       69%         4
 Leda's Liquefaction      Hex/Erth       5%         N/A       69%         4
 Summon Lightning Spire   Summ/Air       10%        N/A       69%         4
 Dispersal                Tloc           18%        N/A       88%         6
 Fireball                 Conj/Fire      5%         3d5       95%         5
 Iskenderun's Battlesphe  Conj           10%        2d6       95%         5
 Lee's Rapid Deconstruct  Erth           5%         3d6*      95%         5
 Bombard                  Conj/Erth      5%         9d2       100%        6
 Conjure Ball Lightning   Conj/Air       5%         3x3d6     100%        6
 Monstrous Menagerie      Summ           5%         N/A       100%        7
 Orb of Destruction       Conj           5%         9d5       100%        7
 Disjunction              Tloc           18%        N/A       100%        8


Dungeon Overview and Level Annotations

Branches:
Dungeon (1/1)

Altars:
Ashenzari
Cheibriados
Dithmenos
Elyvilon
Fedhas
Gozag
Hepliaklqana
Kikubaaqudgha
Makhleb
Nemelex Xobeh
Okawaru
Qazlal
Ru
Sif Muna
Trog
Uskayaw
Vehumet
Wu Jian
Xom
Yredelemnul
Zin
The Shining One
Jiyva
Lugonu


Innate Abilities, Weirdness & Mutations

Your serpentine skin is tough. (AC +4)
You have supernaturally acute eyesight. (SInv)
Armour fits poorly on your strangely shaped body.
Your system is resistant to poisons. (rPois)
You cover ground very slowly.
You can spit poison.
You can use your snake-like lower body to constrict enemies.
You occasionally shout uncontrollably at your foes.


Message History

The emperor scorpion is moderately wounded.
You feel very sick.
The merfolk throws a boomerang.
The boomerang hits you.
The emperor scorpion stings you but does no damage.
The emperor scorpion claws you but does no damage. x2
You bludgeon the emperor scorpion!!
The emperor scorpion is heavily wounded.
You feel very sick.
The merfolk hits you from afar with a +0 trident!
* * * LOW HITPOINT WARNING * * *
The emperor scorpion closely misses you. x2
The emperor scorpion claws you but does no damage.
You sock the emperor scorpion!
The emperor scorpion is heavily wounded.
You feel sick.
The merfolk hits you from afar with a +0 trident!
* * * LOW HITPOINT WARNING * * *
You thump the emperor scorpion!
The emperor scorpion is heavily wounded.
You feel very sick.
The emperor scorpion stings you but does no damage.
The emperor scorpion claws you but does no damage.
The emperor scorpion misses you.
You hit the emperor scorpion.
The emperor scorpion is severely wounded.
You feel sick. The emperor scorpion stings you!!
* * * LOW HITPOINT WARNING * * *
You block the emperor scorpion's attack.
The emperor scorpion closely misses you.
The merfolk throws a boomerang.
The boomerang hits you but does no damage.
You barely miss the emperor scorpion.
The emperor scorpion is severely wounded.
You feel sick.
The emperor scorpion stings you but does no damage.
The emperor scorpion claws you but does no damage.
The emperor scorpion claws you!
* * * LOW HITPOINT WARNING * * *
The merfolk hits you from afar with a +0 trident!
You die...

+...... #......
#######################..#...
#....................++......
#.........fs@)m)..)..++......
#..#######W########..##..#...
#..# #.#) #..##...... #..# #)# #l
#..##...... #..# #(# #o
#..####''## #..# #)# #s
#..####''## #..# .# #)
#..##......
#..################..##.#)##.
#####....................##.#).+.


You could see an emperor scorpion, a merfolk, a shadow wraith (invisible) and a
wandering mushroom.

Vanquished Creatures
  Arachne (D)
  Gastronok (D)
  Ilsuiw (D)
  A nagaraja (D)
  A frost giant (D)
  A green draconian (D)
  A purple draconian (D)
  A merfolk impaler (D)
  A rakshasa (D)
  A merfolk avatar (D)
  A boulder beetle (D)
  An orc high priest (D)
  2 demonic crawlers (D)
  A vampire mage (D)
  A flayed ghost (D)
  A phantasmal warrior (D)
  A lindwurm (D)
  2 orc knights (D)
  An orc sorcerer (D)
  A wolf spider (D)
  A black mamba (D)
  A smoke demon (D)
  A gargoyle (D)
  An orange demon (D)
  2 komodo dragons (D)
  A guardian mummy (D)
  3 trolls (D)
  A wandering mushroom (D)
  2 polar bears (D)
  5 merfolk (D)
  A tarantella (D)
  A hornet (D)
  4 dream sheep (D)
  A jumping spider (D)
  2 wyverns (D)
  A wraith (D)
  A vampire (D)
  A fire elemental (D)
  A large abomination (D)
  6 yaks (D)
  A redback (D)
  A neqoxec (D)
  6 vampire mosquitoes (D)
  2 steam dragons (D)
  An acid dragon (D)
  Pargi (D)
  2 floating eyes (D)
  3 orc warriors (D)
  5 wolves (D)
  A centaur (D)
  4 gnoll sergeants (D)
  A scorpion (D)
  An earth elemental (D)
  5 wights (D)
  5 killer bees (D)
  A quasit (D)
  2 orc priests (D)
  An iron imp (D)
  An iguana (D)
  2 mummies (D)
  9 gnolls (D)
  An adder (D)
  4 orcs (D)
  A bat (D)
  2 bat zombies (D)
  4 endoplasms (D)
  A goblin (D)
  2 hobgoblins (D)
  3 jackals (D)
  A quokka (D)
  A ball python (D)
  A frilled lizard (D)
  A kobold (D)
  A quokka zombie (D)
  A rat (D)
138 creatures vanquished.

Notes
Turn   | Place    | Note
-------+----------+-------------------------------------------
     0 | D        | rocky1 the Naga Fighter began the quest for the Orb.
     0 | D        | Reached XP level 1. HP: 21/21 MP: 1/1
    26 | D        | Found a bloodstained altar of Trog.
    26 | D        | Found a shimmering blue altar of Sif Muna.
    26 | D        | Found a viscous altar of Jiyva.
    26 | D        | Found a hazy altar of Hepliaklqana.
    26 | D        | Found an opulent altar of Gozag.
    48 | D        | Found a glowing golden altar of the Shining One.
    48 | D        | Found a glowing silver altar of Zin.
    48 | D        | Found a basalt altar of Yredelemnul.
    48 | D        | Found a shimmering altar of Xom.
    48 | D        | Found an ornate altar of the Wu Jian Council.
    48 | D        | Found a sacrificial altar of Ru.
    48 | D        | Found a stormy altar of Qazlal.
    48 | D        | Found an iron altar of Okawaru.
    48 | D        | Found a sparkling altar of Nemelex Xobeh.
    48 | D        | Found a burning altar of Makhleb.
    48 | D        | Found a blossoming altar of Fedhas.
    48 | D        | Found a white marble altar of Elyvilon.
    48 | D        | Found a shadowy altar of Dithmenos.
    48 | D        | Found a snail-covered altar of Cheibriados.
    52 | D        | Found a corrupted altar of Lugonu.
    52 | D        | Found a radiant altar of Vehumet.
    53 | D        | Found a broken altar of Ashenzari.
    53 | D        | Found an ancient bone altar of Kikubaaqudgha.
    53 | D        | Found a hide-covered altar of Uskayaw.
    59 | D        | Became a worshipper of Cheibriados the Contemplative
    77 | D        | Noticed a scorpion
    85 | D        | Killed a scorpion
    85 | D        | Reached * piety under Cheibriados
    86 | D        | Reached skill level 3 in Maces & Flails
    86 | D        | Reached XP level 2. HP: 10/31 MP: 2/2
    86 | D        | Reached XP level 3. HP: 12/38 MP: 3/3
    86 | D        | Reached XP level 4. HP: 14/45 MP: 4/4
   380 | D        | Reached skill level 5 in Fighting
   383 | D        | Reached skill level 4 in Maces & Flails
   505 | D        | Reached ** piety under Cheibriados
   512 | D        | Reached *** piety under Cheibriados
   667 | D        | Noticed a gnoll sergeant
   681 | D        | Killed a gnoll sergeant
   681 | D        | Reached **** piety under Cheibriados
   682 | D        | Reached skill level 5 in Maces & Flails
   682 | D        | Reached skill level 5 in Armour
   682 | D        | Reached skill level 1 in Dodging
   682 | D        | Reached skill level 1 in Stealth
   682 | D        | Reached XP level 5. HP: 14/55 MP: 4/6
   683 | D        | HP: 4/82 [gnoll/+0 flail[a gnoll sergeant] (8)]
   684 | D        | HP: 1/55 [gnoll/+0 spear[a gnoll sergeant] (1)]
   687 | D        | Reached ***** piety under Cheibriados
   688 | D        | Reached skill level 6 in Maces & Flails
   688 | D        | Reached skill level 5 in Shields
   688 | D        | Reached XP level 6. HP: 23/62 MP: 2/8
   842 | D        | Reached skill level 7 in Maces & Flails
   842 | D        | Reached skill level 5 in Invocations
   872 | D        | Reached XP level 7. HP: 53/70 MP: 9/11
   894 | D        | Reached ****** piety under Cheibriados
  1092 | D        | Noticed a troll
  1092 | D        | Noticed a yak
  1092 | D        | Noticed a yak
  1092 | D        | Noticed a yak
  1092 | D        | Noticed a yak
  1092 | D        | Noticed a yak
  1092 | D        | Noticed a yak
  1094 | D        | Reached skill level 8 in Maces & Flails
  1094 | D        | Killed a yak
  1094 | D        | Killed a troll
  1094 | D        | Killed a yak
  1094 | D        | Killed a yak
  1094 | D        | Killed a yak
  1094 | D        | Killed a yak
  1094 | D        | Killed a yak
  1095 | D        | Reached skill level 10 in Maces & Flails
  1095 | D        | Reached XP level 8. HP: 84/84 MP: 1/14
  1095 | D        | Reached XP level 9. HP: 90/90 MP: 1/15
  1611 | D        | Noticed a lindwurm
  1615 | D        | Reached skill level 11 in Maces & Flails
  1619 | D        | Killed a lindwurm
  1620 | D        | Reached skill level 5 in Dodging
  1620 | D        | Reached skill level 10 in Invocations
  1843 | D        | Noticed a guardian mummy
  1845 | D        | Reached skill level 12 in Maces & Flails
  1845 | D        | Reached XP level 10. HP: 102/102 MP: 11/18
  1855 | D        | Reached skill level 10 in Fighting
  1989 | D        | Noticed a flayed ghost
  1990 | D        | Noticed a merfolk impaler
  1992 | D        | Killed a flayed ghost
  1993 | D        | Reached skill level 13 in Maces & Flails
  2003 | D        | Killed a merfolk impaler
  2004 | D        | Reached skill level 5 in Stealth
  2092 | D        | Noticed a nagaraja
  2092 | D        | Noticed a purple draconian
  2092 | D        | Noticed a green draconian
  2092 | D        | Noticed an orc knight
  2095 | D        | Killed an orc knight
  2096 | D        | Killed a nagaraja
  2097 | D        | Reached XP level 11. HP: 96/110 MP: 4/21
  2098 | D        | Killed a purple draconian
  2099 | D        | Reached skill level 14 in Maces & Flails
  2099 | D        | Reached skill level 15 in Invocations
  2103 | D        | Killed a green draconian
  2219 | D        | Noticed a boulder beetle
  2223 | D        | Gained mutation: You occasionally shout uncontrollably at
                  | your foes. [a neqoxec]
  2256 | D        | Killed a boulder beetle
  2536 | D        | Noticed an orc sorcerer
  2536 | D        | Noticed a demonic crawler
  2537 | D        | Paralysed by an orc sorcerer for 5 turns
  2544 | D        | Killed a demonic crawler
  2544 | D        | Killed an orc sorcerer
  2752 | D        | Noticed a phantasmal warrior
  2764 | D        | Killed a phantasmal warrior
  2765 | D        | Reached skill level 10 in Armour
  2880 | D        | Reached skill level 15 in Maces & Flails
  3094 | D        | Noticed Pargi
  3103 | D        | Killed Pargi
  3167 | D        | Reached XP level 12. HP: 94/120 MP: 18/24
  3258 | D        | Noticed Gastronok
  3275 | D        | Killed Gastronok
  3277 | D        | Reached skill level 5 in Spellcasting
  3478 | D        | Noticed a demonic crawler
  3480 | D        | Reached skill level 16 in Maces & Flails
  3481 | D        | Killed a demonic crawler
  3667 | D        | Got the Handbook of the Union and the Jaunt
  3680 | D        | Learned a level 4 spell: Manifold Assault
  3821 | D        | Noticed a vampire mage
  3821 | D        | Noticed Ilsuiw
  3821 | D        | Noticed a frost giant
  3821 | D        | Noticed a five-headed hydra
  3822 | D        | Noticed Arachne
  3822 | D        | Noticed a rakshasa
  3824 | D        | Killed a vampire mage
  3825 | D        | Reached skill level 1 in Translocations
  3825 | D        | Killed a frost giant
  3825 | D        | Killed a rakshasa
  3829 | D        | Killed Arachne
  3829 | D        | Noticed an orc high priest
  3830 | D        | Reached skill level 17 in Maces & Flails
  3830 | D        | Reached skill level 10 in Shields
  3835 | D        | Killed Ilsuiw
  3836 | D        | Reached skill level 10 in Stealth
  3836 | D        | Gained mutation: You can use your snake-like lower body to
                  | constrict enemies. [Naga growth]
  3836 | D        | Reached XP level 13. HP: 107/133 MP: 20/25
  3853 | D        | Identified the +1 longbow "Iggifyff" {speed, rF+}
  3864 | D        | Identified the staff "Onuu" {rF+ Will- Int+4 Summ Fire}
  3868 | D        | Noticed an emperor scorpion
  3876 | D        | Reached skill level 5 in Translocations
  3888 | D        | HP: 9/199 [emperor scorpion (7)]
  3888 | D        | Slain by a merfolk

Illustrated notes

Levels and vault maps discovered:
D:        pitsprint [storerooms_1, entrance_room_1, metal_vault_2, armoury_2,
          mini_pit_1, grid_room_1, main_hall_1, silver_pit, the_coven_3,
          the_vestibule_1, steel_vault_4, golden_pit, hallway_of_sentries,
          crystal_vault_1, iron_vault_4, final_vault]

Skill      XL: |  1  2  3  4  5  6  7  8  9 10 11 12 13 |
---------------+----------------------------------------+-----
Shields        | 4 5 6 7 8 10 | 10.4
Fighting       | 4 5 6 8 9 10 11 13 | 13.6
Maces & Flails | 3 5 6 7 10 12 13 15 17 | 17.5
Armour         | 4 5 6 7 8 9 10 11 | 11.2
Dodging        | 1 2 4 5 6 7 |  7.6
Stealth        | 1 2 4 5 7 10 | 10.3
Invocations    | 2 3 5 8 10 14 16 | 16.3
Spellcasting   | 4 7 |  7.8
Translocations | 4 5 |  5.0
Evocations     | |  0.6

Action                     |  1- 3 |  4- 6 |  7- 9 | 10-12 | 13-15 || total
---------------------------+-------+-------+-------+-------+-------++-------
  Melee: Flail             |    16 |    58 |    18 |   151 |    30 ||   273
         Constrict         |       |       |       |       |     6 ||     6
 Invoke: Slouch            |       |     1 |     4 |    19 |     1 ||    25
Ability: Spit Poison       |     1 |       |       |     1 |       ||     2
  Evoke: Wand              |       |       |       |     1 |     1 ||     2
    Use: Potion            |       |     5 |       |     4 |     2 ||    11
         Scroll            |       |       |       |     1 |       ||     1
   Stab: Sleeping          |       |       |       |     5 |       ||     5
 Armour: Scale mail        |     9 |    17 |     7 |   138 |    44 ||   215
         Ring mail         |       |    60 |     4 |       |       ||    64
  Dodge: Dodged            |     8 |    27 |     5 |   114 |    30 ||   184
  Block: Buckler           |     2 |    29 |     8 |    69 |    21 ||   129

Table legend: (Time is in decaauts)
 A = Elapsed time spent in this place.
 B = Non-inter-level travel time spent in this place.
 C = Inter-level travel time spent in this place.
 D = Time resting spent in this place.
 E = Time spent auto-exploring this place.
 F = Levels seen in this place.
 G = Mean time per level.
                   A        B        C        D        E       F      G
               +--------+--------+--------+--------+--------+-----+--------+
         Total |   4913 |   4750 |    163 |   2796 |      0 |   1 | 4913.0 |
       Dungeon |   4913 |   4750 |    163 |   2796 |      0 |   1 | 4913.0 |
               +--------+--------+--------+--------+--------+-----+--------+

Top non-repeatable levels by time:
       D: 4913 daAuts
